 Dungeon Sprint DCSS version 0.30-a0-465-g8901f6c8b5 (webtiles) character file.

Game seed: 6251000904583966008

104 NinjaNoafa the Charlatan (level 4, -10/35 HPs)
             Began as a Gnoll Wanderer on Dec 19, 2022.
             Mangled by Sigmund
             ... wielding a +0 scythe
              (12 damage)
             ... in the Dungeon (Sprint I: "Red Sonja").
             The game lasted 00:01:23 (240 turns).

NinjaNoafa the Charlatan (Gnoll Wanderer)            Turns: 240, Time: 00:01:24

Health: -10/35     AC:  2    Str:  9    XL:     4   Next: 80%
Magic:  9/11       EV: 13    Int: 14    God:
Gold:   54         SH:  0    Dex: 13    Spells: 9/14 levels left

rFire   . . .      SeeInvis .    a - +0 dagger
rCold   . . .      Faith    .    (no shield)
rNeg    . . .      Spirit   .    c - +0 robe
rPois   .          Reflect  .    (no helmet)
rElec   .          Harm     .    (no cloak)
rCorr   .          Rampage  .    (no gloves)
Will    .....      NoTele   +    (no boots)
Stlth   ++........               (no amulet)
HPRegen 0.25/turn                (no ring)
MPRegen 0.12/turn                (no ring)

@: no status effects
A: fangs 1, strong nose, distributed training
a: no special abilities


You were in the Dungeon.
You visited 1 branch You collected 54 gold pieces.

Inventory:

Hand Weapons
 a - a +0 dagger (weapon)
Armour
 c - a +0 robe (worn)
Wands
 d - a wand of flame (4) (quivered)
 f - a wand of iceblast (4)
Scrolls
 b - a scroll of teleportation
 j - a scroll of blinking
Potions
 e - a potion of curing
 g - a potion of haste
 h - 2 potions of magic


   Skills:
 + Level 3.1 Fighting
 + Level 3.1 Short Blades
 + Level 3.1 Long Blades
 + Level 3.1 Axes
 + Level 3.1 Maces & Flails
 + Level 3.1 Polearms
 + Level 3.1 Staves
 + Level 3.1 Ranged Weapons
 + Level 3.1 Throwing
 + Level 3.1 Armour
 + Level 3.1 Dodging
 + Level 3.1 Stealth
 + Level 3.1 Shields
 + Level 3.1 Unarmed Combat
 + Level 5.9 Spellcasting
 + Level 2.5 Conjurations
 + Level 2.5 Hexes
 + Level 6.0 Summonings
 + Level 2.5 Necromancy
 + Level 2.5 Translocations
 + Level 4.6 Transmutations
 + Level 2.5 Fire Magic
 + Level 2.5 Ice Magic
 + Level 2.5 Air Magic
 + Level 2.5 Earth Magic
 + Level 2.5 Poison Magic
 + Level 3.4 Invocations
 + Level 7.3 Evocations


You had 9 spell levels left.
You knew the following spells:

 Your Spells              Type           Power      Damage    Failure   Level
a - Summon Small Mammal   Summ           84%        N/A       1%          1
b - Beastly Appendage     Tmut           34%        N/A       2%          1
c - Summon Guardian Gole  Hex/Summ       16%        N/A       9%          3

Your spell library contained the following spells:

 Spells                   Type           Power      Damage    Failure   Level
 Spider Form              Tmut/Pois      14%        N/A       11%         3
 Summon Lightning Spire   Summ/Air       16%        N/A       26%         4


Dungeon Overview and Level Annotations

Branches:
Dungeon (1/1)

Altars:

Annotations:
D Sigmund


Innate Abilities, Weirdness & Mutations

You have very sharp teeth.
Your uncanny sense of smell can sniff out nearby items.
Your experience applies equally to all skills.


Message History

Orders for allies: a - Attack new target. r - Retreat! s - Stop attacking. g - Guard the area. f - Follow me.
Anything else - Cancel.
Gang up on whom?
Press: ? - help, Dir - move target There's nothing there!
What are your orders? t - Bark!
Orders for allies: a - Attack new target. r - Retreat! s - Stop attacking. g - Guard the area. f - Follow me.
Anything else - Cancel.
Retreat in which direction?
Press: ? - help, Dir - move target Fall back!
Something hits you! What are your orders? t - Bark!
Orders for allies: a - Attack new target. r - Retreat! s - Stop attacking. g - Guard the area. f - Follow me.
Anything else - Cancel.
Follow me!
Something hits you. What are your orders? t - Bark!
Orders for allies: a - Attack new target. r - Retreat! s - Stop attacking. g - Guard the area. f - Follow me.
Anything else - Cancel.
Retreat in which direction?
Press: ? - help, Dir - move target Fall back!
Something hits you. Something hits you! Something hits you!
* * * LOW HITPOINT WARNING * * *
Casting: Summon Guardian Golem (dangerous; 9% risk of failure)
Confirm with . or Enter, or press ? or * to list all spells.
Something hits you!
You die...

########## ##
#<.#..'..#..+∆∆
#9)').#..'..#∆∆
#.{#####'####
#.r# #..#∆∆∆ ∆
#@.# ####∆∆ ∆
#..# #⌠⌠# ####
∆∆ ∆ ∆ ∆ ∆


You could see a friendly guardian golem (summoned) and a friendly rat
(summoned).

Vanquished Creatures
  Ijyb (D)
1 creature vanquished.

Vanquished Creatures (others)
  An ogre (D)
1 creature vanquished.

Grand Total: 2 creatures vanquished

Notes
Turn   | Place    | Note
-------+----------+-------------------------------------------
     0 | D        | NinjaNoafa the Gnoll Wanderer began the quest for the Orb.
     0 | D        | NinjaNoafa set off with the following items: a +0 dagger, a
                  | scroll of teleportation, a +0 robe, a wand of flame (5), a
                  | potion of curing, a potion of heal wounds, a potion of
                  | haste, 2 potions of magic, a potion of berserk rage, a
                  | scroll of blinking; and the following spells available to
                  | memorise: Summon Small Mammal, Beastly Appendage, Summon
                  | Guardian Golem, Spider Form, Summon Lightning Spire.
     0 | D        | Reached XP level 1. HP: 13/13 MP: 6/6
     2 | D        | Learned a level 1 spell: Summon Small Mammal
     4 | D        | Learned a level 1 spell: Beastly Appendage
     5 | D        | Noticed Ijyb
    25 | D        | Killed Ijyb
    26 | D        | Reached skill level 1 in Fighting
    26 | D        | Reached skill level 1 in Short Blades
    26 | D        | Reached skill level 1 in Long Blades
    26 | D        | Reached skill level 1 in Axes
    26 | D        | Reached skill level 1 in Maces & Flails
    26 | D        | Reached skill level 1 in Polearms
    26 | D        | Reached skill level 1 in Staves
    26 | D        | Reached skill level 1 in Ranged Weapons
    26 | D        | Reached skill level 1 in Throwing
    26 | D        | Reached skill level 1 in Armour
    26 | D        | Reached skill level 1 in Dodging
    26 | D        | Reached skill level 1 in Stealth
    26 | D        | Reached skill level 1 in Shields
    26 | D        | Reached skill level 1 in Unarmed Combat
    26 | D        | Reached skill level 5 in Spellcasting
    26 | D        | Reached skill level 1 in Conjurations
    26 | D        | Reached skill level 1 in Hexes
    26 | D        | Reached skill level 1 in Necromancy
    26 | D        | Reached skill level 1 in Translocations
    26 | D        | Reached skill level 1 in Fire Magic
    26 | D        | Reached skill level 1 in Ice Magic
    26 | D        | Reached skill level 1 in Air Magic
    26 | D        | Reached skill level 1 in Earth Magic
    26 | D        | Reached skill level 1 in Poison Magic
    26 | D        | Reached XP level 2. HP: 9/22 MP: 1/8
    26 | D        | Reached XP level 3. HP: 11/27 MP: 1/9
    66 | D        | Learned a level 3 spell: Summon Guardian Golem
    95 | D        | Noticed an ogre
   113 | D        | Killed an ogre
   114 | D        | Reached skill level 7 in Evocations
   114 | D        | Reached XP level 4. HP: 12/35 MP: 5/11
   221 | D        | Noticed Sigmund
   240 | D        | Mangled by Sigmund

Illustrated notes

Levels and vault maps discovered:
D:        dungeon_sprint_1 [red_sonja_temple_1, red_sonja_temple_small_1]

Skill      XL: |  1  2  3 |
---------------+----------+-----
Fighting       | 1 3 |  3.1
Short Blades   | 1 3 |  3.1
Long Blades    | 1 3 |  3.1
Axes           | 1 3 |  3.1
Maces & Flails | 1 3 |  3.1
Polearms       | 1 3 |  3.1
Staves         | 1 3 |  3.1
Ranged Weapons | 1 3 |  3.1
Throwing       | 1 3 |  3.1
Armour         | 1 3 |  3.1
Dodging        | 1 3 |  3.1
Stealth        | 1 3 |  3.1
Shields        | 1 3 |  3.1
Unarmed Combat | 1 3 |  3.1
Spellcasting   | 5 |  5.9
Conjurations   | 1 2 |  2.5
Hexes          | 1 2 |  2.5
Necromancy     | 1 2 |  2.5
Translocations | 1 2 |  2.5
Transmutations | 4 |  4.6
Fire Magic     | 1 2 |  2.5
Ice Magic      | 1 2 |  2.5
Air Magic      | 1 2 |  2.5
Earth Magic    | 1 2 |  2.5
Poison Magic   | 1 2 |  2.5
Invocations    | 2 3 |  3.4
Summonings     | 6 |  6.0
Evocations     | 7 |  7.3

Action                   |  1- 3 |  4- 6 || total
-------------------------+-------+-------++-------
Melee: Dagger            |     8 |       ||     8
       Kick              |     4 |       ||     4
       Bite              |     1 |       ||     1
 Cast: Summon Small Mamm |     5 |     1 ||     6
       Beastly Appendage |     1 |       ||     1
       Summon Guardian G |     1 |     1 ||     2
Evoke: Wand              |     1 |       ||     1
  Use: Potion            |     2 |       ||     2
Dodge: Dodged            |     3 |       ||     3

Table legend: (Time is in decaauts)
 A = Elapsed time spent in this place.
 B = Non-inter-level travel time spent in this place.
 C = Inter-level travel time spent in this place.
 D = Time resting spent in this place.
 E = Time spent auto-exploring this place.
 F = Levels seen in this place.
 G = Mean time per level.
                   A        B        C        D        E       F      G
               +--------+--------+--------+--------+--------+-----+--------+
         Total |    253 |    253 |      0 |     50 |    135 |   1 |  253.0 |
       Dungeon |    253 |    253 |      0 |     50 |    135 |   1 |  253.0 |
               +--------+--------+--------+--------+--------+-----+--------+

Top non-repeatable levels by time:
       D: 253 daAuts
